 Dungeon Crawl Stone Soup version 0.27-a0-1202-ge72e49191c (webtiles) character file.

Game seed: 10578854853615220000

165904 rjrrt the Severer (level 17, -4/237 HPs)
             Began as a Minotaur Berserker on June 2, 2021.
             Was a High Priest of Trog.
             Killed from afar by Nikola (25 damage)
             ... with a chain lightning
             ... on level 4 of the Swamp.
             The game lasted 01:09:33 (32643 turns).

rjrrt the Severer (Minotaur Berserker)             Turns: 32643, Time: 01:09:34

Health: -4/237     AC: 35    Str: 28    XL:     17   Next: 28%
Magic:  16/16      EV: 14    Int:  4    God:    Trog [*****.]
Gold:   3163       SH:  0    Dex: 18    Spells: 16/16 levels left

rFire    . . .     SeeInvis +   a - +2 executioner's axe (flame)
rCold    . . .     Faith    +   (shield currently unavailable)
rNeg     . . .     Spirit   .   f - +8 chain mail of Leischosi {rPois}
rPois    +         Reflect  .   M - +0 hat
rElec    .         Harm     .   x - +3 cloak of Ysuimo {Dex+7}
rCorr    .         Rampage  .   D - +1 pair of gloves
Will     +....                  J - +0 pair of boots
Stlth    ..........             y - amulet of faith
HPRegen  0.49/turn              q - ring of see invisible
MPRegen  0.15/turn              L - +4 ring of protection

@: berserking (expiring), marked, studying Staves, very quick
A: horns 2, retaliatory headbutt
a: Renounce Religion, Berserk, Trog's Hand, Brothers in Arms


You were on level 4 of the Swamp.
You worshipped Trog.
Trog was extremely pleased with you.
You visited 4 branches of the dungeon, and saw 27 of its levels.
You also visited: Sewer and Bailey.

You collected 3163 gold pieces.

Inventory:

Hand Weapons
 a - a +2 executioner's axe of flaming (weapon)
 b - the +5 bardiche of Impatience {vamp, Int+2}
   (You found it on level 4 of the Dungeon)

   It inflicts no extra harm, but heals its wielder when it wounds a living foe.
   It affects your intelligence (+2).
 e - the +6 glaive of Abuse {antimagic, rElec Stlth+}
   (Trog gifted it to you on level 3 of the Swamp)

   It reduces the magical energy of the wielder, and disrupts the spells and
   magical abilities of those hit.
   Natural abilities and divine invocations are not affected.
   It insulates you from electricity.
   It makes you more stealthy.
 m - a +3 antimagic executioner's axe
Missiles
 v - 3 throwing nets
 z - 82 boomerangs (quivered)
 G - 6 javelins
 K - 4 boomerangs of dispersal
Armour
 f - the +8 chain mail of Leischosi (worn) {rPois}
   (You found it on level 5 of the Dungeon)

   It protects you from poison.
 x - the +3 cloak of Ysuimo (worn) {Dex+7}
   (You found it on level 2 of the Lair of Beasts)

   It affects your dexterity (+7).
 D - a +1 pair of gloves (worn)
 F - the +6 plate armour of the Lost Knives {rF++ Str+4 Int+2}
   (You found it on level 2 of the Lair of Beasts)

   It affects your strength (+4).
   It affects your intelligence (+2).
   It greatly protects you from fire.
 J - a +0 pair of boots (worn)
 M - a +0 hat (worn)
Jewellery
 q - a ring of see invisible (left hand)
 y - an amulet of faith (around neck)
 L - a +4 ring of protection (right hand)
 S - a ring of resist corrosion
Wands
 j - a wand of flame (97)
 n - a wand of paralysis (15)
 s - a wand of charming (15)
 u - a wand of digging (17)
 E - a wand of iceblast (22)
 H - a wand of polymorph (7)
 P - a wand of acid (20)
Scrolls
 c - 2 scrolls of fog
 g - 5 scrolls of blinking
 h - a scroll of acquirement
 k - a scroll of magic mapping
 o - 13 scrolls of teleportation
 r - 2 scrolls of holy word
 A - 2 scrolls of fear
 O - 16 scrolls of identify
Potions
 d - 11 potions of curing
 i - 3 potions of resistance
 l - 10 potions of flight
 p - 4 potions of lignification
 t - 6 potions of attraction
 I - 5 potions of might
 N - 2 potions of mutation
 Q - 3 potions of haste
 R - 5 potions of heal wounds


   Skills:
 + Level 16.0 Fighting
 * Level 20.8(23.0) Axes
 - Level 18.1(21.7) Polearms
 - Level 6.0 Throwing
 + Level 17.9 Armour
 + Level 9.0 Dodging
 - Level 6.0 Evocations


You had 16 spell levels left.
You didn't know any spells.
Your spell library was empty.

Dungeon Overview and Level Annotations

Branches:
Dungeon (15/15)            Temple (0/1) D:4            Lair (6/6) D:9
  Swamp (4/4) Lair:4       Spider (0/4) Lair:3        Slime (0/5) Lair:6
    Orc (2/2) D:9             Elf (0/3) Orc:2        Vaults (0/5) D:13
 Depths (0/5) D:15          Sewer (visited)          Bailey (visited)

Altars:
Elyvilon
Gozag
Hepliaklqana
Makhleb
Ru
Trog
Vehumet
Wu Jian
Yredelemnul
The Shining One
Beogh

Shops:
D:4 :[   D:12 =   Orc:2 :*[(

Portals:
Trove: D:12 (give 4 potions of resistance)

Annotations:
D:4 2 runed translucent doors


Innate Abilities, Weirdness & Mutations

You have a pair of horns on your head.
You reflexively headbutt those who attack you in melee.


Message History

Your Dodging skill increases to level 9!
You are too injured to fight recklessly!
Unknown command.
You closely miss Nikola.
Nikola is heavily wounded.
Nikola hits you but does no damage.
You are electrocuted!
You are too injured to fight recklessly!
Unknown command.
You slice Nikola!! You burn Nikola!
Nikola is severely wounded.
Nikola mumbles some strange words.
Nikola blinks!
Unknown command.
You feel a strong urge to attack something.
Nikola gestures wildly while chanting.
Nikola blinks!
Unknown command.
Unknown command.
Really walk into a travel-excluded area?
Okay, then.
Unknown command.
You slash Nikola! You burn Nikola.
Nikola is almost dead.
Nikola hits you but does no damage.
Unknown command.
You slash Nikola! You burn Nikola.
Nikola is almost dead.
Unknown command.
You slash Nikola! You burn Nikola.
Nikola is almost dead.
Nikola mumbles some strange words.
You hear a mighty clap of thunder!
The lightning arc hits you!!
* * * LOW HITPOINT WARNING * * *
The lightning arc hits Nikola.
The lightning arc hits you!!
* * * LOW HITPOINT WARNING * * *
The lightning arc hits Nikola.
Nikola dies!
The lightning arc hits you!!
You die...

###..≈≈≈. ##
###....≈≈.. #.
##≈.°..≈≈≈.. ##.
###°..°.#≈≈≈≈.
##.≈
##.....°≈##≈≈≈.
##≈.≈
##÷...#######≈≈≈
#.≈≈.###≈○○#####
#≈≈≈
#≈≈≈.....°##
#.## ##≈≈
##≈≈..@§.##
...?# ###
##≈≈)#### #.....
##≈..####......
##≈.#≈≈.......
##≈.≈≈....^..
#≈≈.......##
###.##..### ###
###


There were no monsters in sight!

Vanquished Creatures
  A bone dragon (Swamp:4)
  Gastronok (Lair:3)
  Kirke (Swamp:4)
  2 thorn hunters
  2 storm dragons (D:14)
  Donald (Swamp:4)
  An orc warlord (Orc:2)
  A bunyip (Swamp:4)
  3 eleionomae
  A yaktaur captain (D:13)
  Harold (Orc:1)
  2 rakshasas
  4 boulder beetles
  18 hydras
  An ogre mage (D:10)
  A merfolk avatar (Swamp:4)
  A catoblepas (Lair:6)
  7 centaur warriors
  3 ghost crabs
  Erica (D:9)
  8 two-headed ogres
  8 alligators
  5 death yaks
  A deep troll shaman (Lair:6)
  An orc high priest (Orc:2)
  9 spriggans
  3 skeletal warriors (D:13)
  7 goliath frogs
  2 spriggan druids
  A glowing orange brain (D:15)
  3 swamp dragons
  3 wizards
  6 bog bodies
  4 spectral hydras (Swamp:4)
  3 orc knights
  4 deep elf pyromancers
  A phantasmal warrior (Swamp:4)
  A wolf spider (D:14)
  An oklob plant (Lair:2)
  14 ugly things
  3 will-o-the-wisps
  2 orc sorcerers (Orc:2)
  A manticore (D:13)
  5 cyclopes
  Maurice (D:8)
  A guardian serpent (shapeshifter) (D:15)
  4 black mambas
  A rust devil (D:13)
  11 elephants
  A cane toad (shapeshifter) (D:14)
  17 cane toads
  Maggie (D:8)
  Psyche (D:8)
  A gargoyle (D:13)
  A kobold demonologist (D:11)
  4 rime drakes
  3 freezing wraiths (D:15)
  2 yaktaurs (D:13)
  A demonic crawler (Lair:3)
  An efreet (D:14)
  3 swamp worm zombies (Swamp:4)
  15 komodo dragons
  A tengu conjurer (D:14)
  A troll (shapeshifter) (D:15)
  6 trolls
  A bloated husk (Swamp:2)
  4 hydra zombies (Swamp:4)
  3 polar bears
  2 jumping spiders (Lair:1)
  8 tyrant leeches
  Grinder (D:6)
  5 hornets
  Prince Ribbit (D:5)
  15 blink frogs
  18 slime creatures
  2 alligator zombies (Swamp:4)
  A shadow (D:11)
  2 redbacks
  A water elemental (D:12)
  A wraith (D:12)
  46 yaks
  2 wyverns
  4 hogs
  2 steam dragons
  7 basilisks
  13 vampire mosquitoes
  5 wargs
  Edmund (D:5)
  10 swamp worms
  11 water moccasins
  2 swamp drakes (Swamp:1)
  34 orc warriors
  3 swamp dragon zombies (Swamp:4)
  9 ice beasts
  A black bear (D:4)
  2 sky beasts (D:8)
  6 ogres
  29 wolves
  10 centaurs
  6 phantoms
  5 kobold brigands
  Blork the orc (D:5)
  12 bullfrogs
  A gnoll sergeant (D:7)
  8 scorpions
  2 wyvern zombies (D:7)
  3 wyvern skeletons
  17 killer bees
  11 wights
  5 electric eels
  4 lava snakes
  2 centaur zombies
  A quasit (D:13)
  3 jellies
  17 orc priests
  3 hounds
  A bullfrog skeleton (D:6)
  Ijyb (D:5)
  2 iguanas
  Natasha (thrice) (D:2)
  Terence (D:2)
  A gnoll shaman (D:7)
  A spectral swamp drake (Swamp:4)
  34 orc wizards
  2 scorpion zombies (D:4)
  A killer bee zombie (D:7)
  A hound zombie (D:3)
  A hound skeleton (D:4)
  2 howler monkey zombies
  3 swamp drake zombies (Swamp:4)
  5 adders
  8 gnolls (D:7)
  2 shadow imps
  3 white imps
  2 ufetubi
  An adder skeleton (D:4)
  3 dart slugs
  66 orcs
  10 ball pythons
  6 bats (D:1)
  11 endoplasms
  8 giant cockroaches
  15 goblins
  10 hobgoblins
  11 jackals
  40 kobolds
  2 quokkas (D:4)
  3 frilled lizards
  8 rats
857 creatures vanquished.

Vanquished Creatures (collateral kills)
  Jorgrun (Orc:1)
  A sphinx (D:14)
  A storm dragon (D:14)
  An orc warlord (Bailey)
  A bunyip (Swamp:3)
  A hydra (Lair:2)
  A death knight (D:15)
  5 death yaks (Lair:6)
  3 orc high priests (Orc:2)
  A spriggan druid (Swamp:3)
  2 ugly things (D:15)
  2 phantasmal warriors (Swamp:4)
  2 orc knights (Orc:2)
  An orc sorcerer (Orc:2)
  3 oklob plants (Lair:2)
  2 elephants (Lair:6)
  A cane toad (Lair:2)
  A rime drake (Lair:6)
  A troll (Orc:1)
  A tyrant leech (Swamp:3)
  A yak (Lair:6)
  A basilisk (Lair:2)
  A steam dragon (Lair:2)
  2 wargs (Orc:1)
  A water moccasin (Lair:2)
  3 orc warriors (Orc:2)
  2 orc priests (Orc:2)
  4 orc wizards
  9 orcs
56 creatures vanquished.

Vanquished Creatures (others)
  Nikola (Swamp:4)
  An alligator (Swamp:2)
  A spriggan druid (Swamp:4)
  An ugly thing (D:15)
  5 bloated husks
  A tyrant leech (Swamp:4)
  A swamp worm (Swamp:1)
  A phantom (Swamp:4)
  An orc wizard (Orc:2)
  A bush (Lair:6)
  8 foxfires
  13 fungi
  52 plants
87 creatures vanquished.

Grand Total: 1000 creatures vanquished

Notes
Turn   | Place    | Note
-------+----------+-------------------------------------------
     0 | D:1      | rjrrt the Minotaur Berserker began the quest for the Orb.
     0 | D:1      | Reached XP level 1. HP: 19/19 MP: 0/0
    81 | D:1      | Reached skill level 4 in Axes
    88 | D:1      | Reached XP level 2. HP: 15/26 MP: 1/1
   325 | D:1      | Found a faded altar of an unknown god.
   639 | D:1      | Reached skill level 5 in Axes
   855 | D:2      | Reached XP level 3. HP: 31/31 MP: 2/2
   884 | D:2      | Reached ** piety under Trog
   889 | D:2      | Noticed Terence
   900 | D:2      | Killed Terence
   901 | D:2      | Reached skill level 6 in Axes
   901 | D:2      | Reached XP level 4. HP: 39/39 MP: 3/3
  1017 | D:2      | Noticed Natasha
  1029 | D:2      | Killed Natasha
  1131 | D:2      | Noticed Natasha
  1139 | D:2      | Killed Natasha
  1183 | D:2      | Noticed Natasha
  1188 | D:2      | Killed Natasha
  1189 | D:2      | Reached skill level 7 in Axes
  1189 | D:2      | Reached XP level 5. HP: 45/45 MP: 4/4
  1471 | D:3      | Reached skill level 8 in Axes
  1557 | D:3      | Found a burning altar of Makhleb.
  1823 | D:3      | Reached XP level 6. HP: 50/51 MP: 5/5
  2162 | D:4      | Found Imuih's Armour Emporium.
  2202 | D:4      | Found a staircase to the Ecumenical Temple.
  2343 | D:4      | Reached *** piety under Trog
  2435 | D:4      | Found Boimy's Book Shop.
  2497 | D:4      | Found a large runed translucent door.
  2497 | D:4      | Found a large runed translucent door.
  2529 | D:4      | Identified the +1 mace "Okabby" {freeze, Fly rC+ Int-2}
  2561 | D:4      | Found a large runed translucent door.
  2561 | D:4      | Found a large runed translucent door.
  2576 | D:4      | Reached XP level 7. HP: 54/60 MP: 6/6
  2596 | D:4      | Reached skill level 9 in Axes
  2605 | D:4      | Identified the +5 bardiche of Impatience {vamp, Int+2}
  2653 | D:4      | Reached skill level 1 in Polearms
  2805 | D:4      | Found a radiant altar of Vehumet.
  3513 | D:5      | Entered Level 5 of the Dungeon
  3517 | D:5      | Reached skill level 5 in Fighting
  3701 | D:5      | Identified the +8 chain mail of Leischosi {rPois}
  3767 | D:5      | Noticed Blork the orc
  3779 | D:5      | Killed Blork the orc
  3809 | D:5      | Found a hazy altar of Hepliaklqana.
  3814 | D:5      | Reached XP level 8. HP: 68/68 MP: 7/7
  3867 | D:5      | Noticed Ijyb
  3867 | D:5      | Noticed Edmund
  3879 | D:5      | Killed Ijyb
  3884 | D:5      | Killed Edmund
  3885 | D:5      | Reached skill level 10 in Axes
  3978 | D:5      | Reached skill level 5 in Armour
  3990 | D:5      | Noticed Prince Ribbit
  4003 | D:5      | Killed Prince Ribbit
  4004 | D:5      | Reached skill level 5 in Polearms
  4005 | D:5      | Reached **** piety under Trog
  4203 | D:6      | Noticed Grinder
  4207 | D:6      | Paralysed by Grinder for 3 turns
  4216 | D:6      | Killed Grinder
  4336 | D:6      | Reached XP level 9. HP: 74/75 MP: 8/8
  4497 | D:6      | Found a glowing drain.
  4516 | Sewer    | Entered a sewer
  4844 | Sewer    | Reached skill level 11 in Axes
  4887 | Sewer    | Found a white marble altar of Elyvilon.
  5542 | D:7      | Found a flagged portal.
  5568 | Bailey   | Entered a bailey
  5577 | Bailey   | Noticed an orc warlord
  5630 | Bailey   | Reached ***** piety under Trog
  5751 | Bailey   | Identified the +10 great mace "Jellis" {vorpal, rCorr Str+4
                  | Dex+5 Stlth+} (Trog gifted it to you in a bailey)
  5751 | Bailey   | Received a gift from Trog
  5760 | Bailey   | Found a runed translucent gate.
  5760 | Bailey   | Found a runed translucent gate.
  5860 | Bailey   | Found a runed translucent gate.
  5908 | Bailey   | Killed an orc warlord
  5909 | Bailey   | Reached skill level 12 in Axes
  5909 | Bailey   | Reached skill level 1 in Throwing
  6147 | Bailey   | Identified a scroll of acquirement
  6147 | Bailey   | Acquired a manual of Polearms
  6242 | D:7      | Acquired a manual of Armour
  6517 | D:7      | Reached XP level 10. HP: 77/86 MP: 9/9
  6524 | D:7      | Reached skill level 16 in Axes
  6524 | D:7      | Reached XP level 11. HP: 85/92 MP: 10/10
  6694 | D:7      | Found a bloodstained altar of Trog.
  6799 | D:8      | Noticed Maurice
  6808 | D:8      | Killed Maurice
  6886 | D:8      | Noticed Maggie
  6909 | D:8      | Killed Maggie
  7113 | D:8      | Reached skill level 1 in Evocations
  7275 | D:8      | Noticed Psyche
  7300 | D:8      | Killed Psyche
  7494 | D:8      | Found an ornate altar of the Wu Jian Council.
  7747 | D:8      | Found an opulent altar of Gozag.
  7962 | D:9      | Noticed Erica
  7968 | D:9      | Killed Erica
  8016 | D:9      | Found a staircase to the Lair.
  8114 | D:9      | Reached skill level 10 in Polearms
  8301 | D:9      | Found a white marble altar of Elyvilon.
  8360 | D:9      | Found a basalt altar of Yredelemnul.
  8437 | D:9      | Received a gift from Trog
  8641 | D:9      | Identified Easy Theurgy
  8669 | D:9      | Found a staircase to the Orcish Mines.
  9012 | Orc:1    | Entered Level 1 of the Orcish Mines
  9014 | Orc:1    | Noticed an orc knight
  9014 | Orc:1    | Noticed Jorgrun
  9016 | Orc:1    | Noticed Harold
  9026 | Orc:1    | Killed Harold
  9031 | Orc:1    | Killed Jorgrun
  9032 | Orc:1    | Reached XP level 12. HP: 104/104 MP: 11/11
  9319 | Orc:2    | Entered Level 2 of the Orcish Mines
  9326 | Orc:2    | Reached skill level 10 in Armour
  9521 | Orc:1    | Received a gift from Trog
  9850 | Orc:2    | Found a staircase to the Elven Halls.
 10139 | Orc:2    | Noticed an orc high priest
 10147 | Orc:2    | Killed an orc high priest
 10165 | Orc:2    | Noticed an orc high priest
 10172 | Orc:2    | Noticed an orc high priest
 10175 | Orc:2    | Killed an orc high priest
 10178 | Orc:2    | HP: 5/159 [orc warrior/+0 trident (11)]
 10186 | Orc:2    | Killed an orc high priest
 10522 | Orc:2    | Noticed an orc warlord
 10556 | Orc:2    | Reached skill level 10 in Fighting
 10713 | Orc:2    | Noticed an orc high priest
 10715 | Orc:2    | Received a gift from Trog
 10723 | Orc:2    | Killed an orc high priest
 10870 | Orc:2    | Killed an orc warlord
 11061 | Orc:2    | Reached skill level 17 in Axes
 11242 | Orc:2    | Found Fauja's Antique Armour Shoppe.
 11243 | Orc:2    | Found Guoteuh's Antique Weapon Emporium.
 11246 | Orc:2    | Found Suqoihop's General Store.
 11246 | Orc:2    | Found Egerph's Book Shoppe.
 11660 | Lair:1   | Entered Level 1 of the Lair of Beasts
 11676 | Lair:1   | Reached skill level 15 in Polearms
 11691 | Lair:1   | You fall into a shaft and drop 1 floor!
 11735 | Lair:2   | Reached XP level 13. HP: 114/114 MP: 12/12
 11769 | Lair:2   | Identified the +3 cloak of Ysuimo {Dex+7}
 12144 | Lair:2   | Identified the +6 plate armour of the Lost Knives {rF++
                  | Str+4 Int+2}
 12617 | Lair:1   | Found a runed translucent door.
 12657 | Lair:1   | Identified the +3 whip "Tormentor" {freeze, rPois Int+8
                  | Dex-4 Stlth-}
 12659 | Lair:1   | Identified the -4 hat of Vanity {Will- Str+4 Int+2}
 13175 | Lair:1   | Noticed Sonja
 13176 | Lair:1   | Noticed Sonja
 13176 | Lair:1   | Sonja changed into Sonja the hog
 13180 | Lair:1   | Killed Sonja the hog
 14095 | Lair:2   | Reached ****** piety under Trog
 14573 | Lair:3   | Received a gift from Trog
 14671 | Lair:3   | Found a hole to the Spider Nest.
 14899 | Lair:3   | Noticed Gastronok
 14922 | Lair:3   | Killed Gastronok
 15582 | Lair:4   | Reached XP level 14. HP: 110/125 MP: 4/13
 15726 | Lair:4   | Found a staircase to the Swamp.
 16940 | Lair:5   | Reached skill level 18 in Axes
 17558 | Lair:6   | Entered Level 6 of the Lair of Beasts
 17642 | Lair:6   | Reached skill level 15 in Armour
 17646 | Lair:6   | Received a gift from Trog
 17840 | Lair:6   | Found a staircase to the Slime Pits.
 19554 | Lair:6   | Reached XP level 15. HP: 136/136 MP: 5/14
 19581 | Lair:6   | Identified the +6 fustibalus of the Glimmering Shark
                  | {speed, Fly}
 19650 | Lair:6   | Identified the +8 battleaxe "Ocreil" {vorpal, Str+4 Dex+3}
                  | (Trog gifted it to you on level 6 of the Lair of Beasts)
 19650 | Lair:6   | Received a gift from Trog
 19846 | D:10     | Entered Level 10 of the Dungeon
 20458 | D:10     | Found a glowing golden altar of the Shining One.
 21657 | D:12     | Received a gift from Trog
 21714 | D:12     | Reached skill level 5 in Evocations
 21897 | D:12     | Found a portal to a secret trove of treasure.
 22012 | D:12     | Found Quyse's Jewellery Shop.
 22702 | D:13     | Reached skill level 5 in Throwing
 22816 | D:13     | Reached skill level 5 in Dodging
 22947 | D:13     | Found a gate to the Vaults.
 23724 | D:14     | Received a gift from Trog
 24128 | D:15     | Entered Level 15 of the Dungeon
 24194 | D:15     | Reached skill level 19 in Axes
 24735 | D:15     | Reached XP level 16. HP: 144/147 MP: 15/15
 25267 | D:14     | Noticed a storm dragon
 25285 | D:14     | Killed a storm dragon
 25781 | D:14     | Identified the -5 pair of gloves of Julo {Will+ Regen+
                  | Int+4 Dex-3}
 25848 | D:14     | Noticed a storm dragon
 25848 | D:14     | Noticed a storm dragon
 25867 | D:14     | Killed a storm dragon
 25877 | D:14     | Noticed a sphinx
 25879 | D:14     | Killed a sphinx
 26082 | D:14     | Killed a storm dragon
 26519 | D:14     | Found a sacrificial altar of Ru.
 26602 | D:15     | Identified the +7 chain mail "Wuutsyoq" {rC- Will++ SInv}
 26699 | D:15     | Reached skill level 15 in Fighting
 26863 | D:15     | Found a staircase to the Depths.
 27269 | Swamp:1  | Entered Level 1 of the Swamp
 27279 | Swamp:1  | Received a gift from Trog
 28572 | Swamp:2  | Reached skill level 20 in Axes
 29341 | Swamp:3  | Identified the +6 glaive of Abuse {antimagic, rElec Stlth+}
                  | (Trog gifted it to you on level 3 of the Swamp)
 29341 | Swamp:3  | Received a gift from Trog
 29495 | Swamp:3  | Noticed a thorn hunter
 29507 | Swamp:3  | Killed a thorn hunter
 30194 | Swamp:4  | Entered Level 4 of the Swamp
 30374 | Swamp:4  | Noticed Donald
 30388 | Swamp:4  | Killed Donald
 30633 | Swamp:4  | Identified the +5 great sword of Yeast {flame, Str+8}
 31040 | Swamp:4  | Reached XP level 17. HP: 149/150 MP: 16/16
 31866 | Swamp:4  | Noticed Kirke
 31879 | Swamp:4  | Killed Kirke
 32189 | Swamp:4  | Received a gift from Trog
 32597 | Swamp:4  | Noticed Nikola
 32622 | Swamp:4  | Noticed a bone dragon
 32634 | Swamp:4  | Killed a bone dragon
 32643 | Swamp:4  | Killed Nikola
 32643 | Swamp:4  | Killed from afar by Nikola

Illustrated notes

Levels and vault maps discovered:
D:1:      scummos_arrival_simple_fountains, layout_loops_cross,
          ebering_ecumenical_altar_petrified, minmay_pentomino_t4
D:2:      layout_rooms, uniq_natasha, uniq_terence
D:3:      layout_loops_cross, bloody_makhleb
D:4:      layout_basic, nicolae_vehumet_radiance, minmay_temple_entry_glass,
          serial_shops, nicolae_shop_behind_doors, shop,
          minmay_hollow_rounded_squares
D:5:      layout_rooms, nicolae_overflow_crystal_walls, uniq_prince_ribbit1,
          uniq_blork_the_orc, uniq_ijyb, uniq_edmund
D:6:      layout_rooms, portal_sewer_entry_c, grunt_ministairs_10, uniq_grinder
D:7:      layout_basic, trog_hazing_becter, enter_bailey_5,
          minmay_fractal_squares_diagonal_5
D:8:      layout_basic, lemuel_crystal_altar, old_standard_altar, st_stairs_14,
          uniq_maurice, uniq_maggie, uniq_psyche
D:9:      layout_roguey, kennysheep_ying_yang, erik_lair_orcish_takeover,
          minmay_orc_entry_temple_small, eino_jars, uniq_erica
D:10:     layout_stronghold, kennysheep_mini_moat
D:11:     layout_gridville
D:12:     layout_roguey, trove_entry_hex_spiral, minivault_4,
          grunt_ministairs_4, minmay_shop_enchanted_jewellery,
          serial_bayou_pond_b
D:13:     kennysheep_demon_hangout, layout_rooms, david_vaults_2,
          kennysheep_generic_room_9
D:14:     cheibrodos_leafed_vault, layout_basic, nicolae_ru_path_of_blood,
          hangedman_decor_peaks_small
D:15:     gammafunk_enter_depths_forms, layout_rooms, palyth_stone_intersect
Lair:1:   gammafunk_indiana_jones, layout_gridlike,
          portal_ice_cave_entry_ice_beasts, nicolae_quartered_pool_little,
          uniq_sonja
Lair:2:   layout_long_grid, minmay_lair_oklob_chamber
Lair:3:   layout_small_grid, nicolae_spider_entry_non_spiders,
          grunt_megastairs_4, infiniplex_staircase_pool_2, uniq_gastronok
Lair:4:   layout_small_grid, minmay_swamp_entry_reptiles, serial_bayou_shore_b,
          grunt_megastairs_1
Lair:5:   layout_gridlike, patterned_corridor
Lair:6:   grunt_lair_end_beastmaster, layout_big_grid,
          nicolae_slime_entry_slimehenge, minmay_lair_drake_nest
Swamp:1:  layout_basic_swamp, nicolae_swamp_tree_isthmus, swamp_pool4,
          nicolae_swamp_orc_logging_accident
Swamp:2:  layout_basic_swamp, evilmike_swamp_ruin_house_2, swamp_pool4
Swamp:3:  nicolae_swamp_long_stream, layout_basic_swamp,
          evilmike_swamp_ruin_wall, infiniplex_staircase_pool
Swamp:4:  swamp_pestilence, layout_basic_swamp, swamp_pool1,
          hangedman_swamp_pad, grunt_lady_of_the_lake, uniq_donald, uniq_nikola,
          uniq_kirke
Orc:1:    layout_caves, uniq_harold, uniq_jorgrun
Orc:2:    st_orc_congregation, layout_caves, nicolae_orc_lava_tube

Skill      XL: |  1  2  3  4  5  6  7  8  9 10 11 12 13 14 15 16 17 |
---------------+----------------------------------------------------+-----
Axes           | 4 5 6 7 8 9 10 12 16 17 18 19 20 | 20.8
Fighting       | 4 5 6 7 9 10 11 13 14 15 16 | 16.0
Armour         | 3 4 5 7 9 12 14 15 16 17 | 17.9
Polearms       | 3 5 7 11 15 16 18 | 18.1
Throwing       | 2 4 5 6 |  6.0
Evocations     | 3 4 6 |  6.0
Dodging        | 3 5 8 9 |  9.0

Action                   |  1- 3 |  4- 6 |  7- 9 | 10-12 | 13-15 | 16-18 || total
-------------------------+-------+-------+-------+-------+-------+-------++-------
Melee: Hand axe          |    60 |   123 |   236 |       |       |       ||   419
       Headbutt          |     8 |    24 |    56 |   107 |   264 |   139 ||   598
       War axe           |       |       |    31 |   109 |       |       ||   140
       Battleaxe         |       |       |       |   296 |   678 |       ||   974
       Bardiche          |       |       |       |    46 |    40 |   338 ||   424
       Great mace        |       |       |       |       |    31 |       ||    31
       Executioner's axe |       |       |       |       |    58 |   177 ||   235
Throw: Dart              |       |       |    32 |       |       |       ||    32
       Boomerang         |       |       |       |       |       |     1 ||     1
Invok: Berserk           |     1 |     3 |     9 |     4 |     1 |     5 ||    23
       Brothers in Arms  |       |       |     1 |     3 |     5 |     4 ||    13
       Trog's Hand       |       |       |       |       |     1 |     4 ||     5
Evoke: Wand              |       |       |       |     5 |     4 |     5 ||    14
  Use: Scroll            |       |       |    18 |     3 |     6 |     1 ||    28
       Potion            |       |       |     1 |     2 |     1 |       ||     4
 Stab: Invisible         |       |       |       |       |     1 |       ||     1
       Petrified         |       |       |       |       |     3 |       ||     3
       Petrifying        |       |       |       |       |     2 |       ||     2
       Distracted        |       |       |       |       |     1 |       ||     1
Armor: Animal skin       |     6 |       |       |       |       |       ||     6
       Leather armour    |     4 |       |       |       |       |       ||     4
       Scale mail        |    13 |       |       |       |       |       ||    13
       Chain mail        |       |    54 |   144 |   275 |   424 |   405 ||  1302
       Plate armour      |       |       |       |       |   198 |    60 ||   258
Dodge: Dodged            |    45 |    47 |   105 |   157 |   382 |   358 ||  1094

Table legend: (Time is in decaauts)
 A = Elapsed time spent in this place.
 B = Non-inter-level travel time spent in this place.
 C = Inter-level travel time spent in this place.
 D = Time resting spent in this place.
 E = Time spent auto-exploring this place.
 F = Levels seen in this place.
 G = Mean time per level.
                   A        B        C        D        E       F      G
               +--------+--------+--------+--------+--------+-----+--------+
         Total |  32940 |  31534 |   1406 |   6269 |  17695 |  29 | 1135.9 |
       Dungeon |  15375 |  14475 |    900 |   2064 |   9592 |  15 | 1025.0 |
          Lair |   8140 |   7716 |    424 |   1162 |   4920 |   6 | 1356.7 |
         Swamp |   5729 |   5691 |     38 |   2164 |   2117 |   4 | 1432.2 |
  Orcish Mines |   2576 |   2533 |     43 |    675 |    762 |   2 | 1288.0 |
         Sewer |    527 |    527 |      0 |    200 |    113 |   1 |  527.0 |
        Bailey |    591 |    591 |      0 |      3 |    190 |   1 |  591.0 |
               +--------+--------+--------+--------+--------+-----+--------+

Top non-repeatable levels by time:
    D:14: 2488 daAuts
  Lair:6: 2128 daAuts
 Swamp:4: 1785 daAuts
 Swamp:3: 1782 daAuts
   Orc:2: 1755 daAuts
  Lair:2: 1539 daAuts
     D:4: 1433 daAuts
  Lair:1: 1409 daAuts
 Swamp:1: 1277 daAuts
     D:8: 1167 daAuts
     D:9: 1148 daAuts
    D:15: 1120 daAuts
  Lair:3: 1056 daAuts
  Lair:5: 1030 daAuts
    D:13: 1014 daAuts
